 Dungeon Crawl Stone Soup version 0.19.5 (webtiles) character file.

2613 sankara the Cruncher (level 9, -4/81 HPs)
             Began as a Minotaur Gladiator on Mar 26, 2017.
             Was an Elder of Makhleb.
             Slain by an orc warrior
             ... wielding a +0 scimitar
              (5 damage)
             ... on level 8 of the Dungeon.
             The game lasted 00:14:49 (6089 turns).

sankara the Cruncher (Minotaur Gladiator)           Turns: 6089, Time: 00:14:50

Health: -4/81      AC: 14    Str: 21    XL:     9   Next: 34%
Magic:  8/8        EV: 16    Int:  5    God:    Makhleb [****..]
Gold:   331        SH:  0    Dex: 18    Spells: 0 memorised, 8 levels left

rFire  . . .     SeeInvis .     a - +0 quarterstaff
rCold  . . .     Gourm    .     x - +0 chain mail
rNeg   . . .     Faith    +     (shield currently unavailable)
rPois  +         Spirit   .     c - +0 hat
rElec  .         Reflect  .     q - +2 cloak {MR+}
rCorr  .         Harm     .     (no gloves)
MR     ++...                    y - +0 pair of boots
Stlth  ..........               e - amulet of faith
                                u - ring of protection from magic
                                t - ring of poison resistance

@: agile
A: retaliatory headbutt, horns 2
a: Minor Destruction, Lesser Servant of Makhleb, Major Destruction, Renounce
Religion


You were on level 8 of the Dungeon.
You worshipped Makhleb.
Makhleb was greatly pleased with you.
You were not hungry.

You visited 2 branches of the dungeon, and saw 9 of its levels.

You collected 331 gold pieces.

Inventory:

Hand Weapons
 a - a +0 quarterstaff (weapon)
Missiles
 d - 3 throwing nets (quivered)
Armour
 c - a +0 hat (worn)
 q - a +2 cloak of magic resistance (worn)
 x - a +0 chain mail (worn)
 y - a +0 pair of boots (worn)
Jewellery
 e - an amulet of faith (around neck)
 t - a ring of poison resistance (left hand)
 u - a ring of protection from magic (right hand)
 v - a +3 ring of intelligence
 G - an uncursed ring of protection from fire
Wands
 n - a wand of disintegration (14/24)
 J - a wand of disintegration (13/24)
 L - a wand of iceblast (4/15)
Scrolls
 b - 7 scrolls of identify
 j - a scroll of noise {unknown}
 k - 2 scrolls of remove curse
 p - a scroll of enchant armour {unknown}
 r - 2 scrolls of teleportation
 s - 2 scrolls of magic mapping {unknown}
 D - a scroll of recharging {unknown}
 E - a scroll of amnesia {unknown}
 M - a scroll of enchant weapon {unknown}
 O - a scroll of blinking
Potions
 g - 2 potions of curing
 i - 3 potions of agility
 C - a potion of mutation {unknown}
 H - a potion of haste {unknown}
 I - a potion of degeneration {unknown}
 K - a potion of flight {unknown}
Books
 F - a book of Callings

   Spells                             Type                      Level
   a - Summon Small Mammal            Summoning                    1
   b - Call Imp                       Summoning                    2
   c - Call Canine Familiar           Summoning                    3
   d - Summon Guardian Golem          Hexes/Summoning              3
   e - Summon Lightning Spire         Summoning/Air                4
   f - Summon Ice Beast               Ice/Summoning                4
Comestibles
 f - 7 bread rations
 h - 3 slices of pizza
 l - 5 beef jerkies
 o - 7 fruits
 w - 3 meat rations
 z - a royal jelly


   Skills:
 + Level 7.8 Fighting
 * Level 11.0 Staves
 - Level 2.0 Throwing
 + Level 5.5 Armour
 + Level 6.1 Dodging


You had 8 spell levels left.
You didn't know any spells.

Dungeon Overview and Level Annotations

Branches:
Dungeon (8/15)             Temple (1/1) D:7
   Lair: D:8-11

Altars:
Ashenzari
Dithmenos
Elyvilon
Fedhas
Kikubaaqudgha
Makhleb
Qazlal
Ru
Sif Muna
Xom
Yredelemnul

Annotations:
D:8 Prince Ribbit


Innate Abilities, Weirdness & Mutations

You reflexively headbutt those who attack you in melee.
You have a pair of horns on your head.


Message History

Prince Ribbit blinks!
You sock the orc warrior!
You headbutt the orc warrior, but do no damage.
The orc warrior is severely wounded.
The orc warrior hits you but does no damage.
Prince Ribbit blinks!
You hit the orc warrior but do no damage.
The orc warrior is severely wounded.
The orc warrior hits you with a scimitar!
* * * LOW HITPOINT WARNING * * *
Unknown command.
Your chain mail prevents you from hitting the orc warrior.
You headbutt the orc warrior.
The orc warrior is almost dead.
The kobold barely misses you.
You hit the orc warrior but do no damage.
You headbutt the orc warrior, but do no damage.
The orc warrior is almost dead.
The orc warrior hits you with a scimitar.
You die...

.... ###############.....
.....................
......................#####
.......†.....KK.......#....
......)..F..K.........#....
.......†......).......#....
###......)§o..........#....
########@K..........#####
#............#
#............#
######...÷...# #.......#
#.......# #.......#
#.......# #.......#


You could see Prince Ribbit, an orc warrior, a big kobold and 3 kobolds.

Vanquished Creatures
  A hungry ghost (D:7)
  A phantom (D:6)
  An orc warrior (D:7)
  An ice beast (D:5)
  A black bear (D:6)
  An eye of draining (D:6)
  2 ogres
  A sky beast (D:8)
  A centaur (D:5)
  5 bullfrogs
  9 killer bees
  A howler monkey (D:4)
  A crimson imp (D:7)
  A centaur zombie (D:6)
  A bullfrog zombie (D:5)
  4 hounds
  4 orc priests
  Crazy Yiuf (D:2)
  A bullfrog skeleton (D:5)
  3 orc wizards
  3 worker ants
  3 iguanas
  The ghost of agthala the Insei, a weakling DgTm (D:4)
  A hound zombie (D:7)
  A hound skeleton (D:4)
  Robin (D:2)
  4 gnolls (D:4)
  10 adders
  A shadow imp (D:7)
  An ooze (D:1)
  3 worms
  2 dart slugs (D:1)
  3 leopard geckos
  13 orcs
  9 giant cockroaches
  16 goblins
  10 hobgoblins
  2 jackals (D:1)
  10 kobolds
  3 quokkas
  A ball python (D:4)
  6 bats
  2 frilled lizards
  A jackal skeleton (D:5)
  A leopard gecko skeleton (D:4)
  4 rats
153 creatures vanquished.

Notes
Turn   | Place    | Note
-------+----------+-------------------------------------------
     0 | D:1      | sankara the Minotaur Gladiator began the quest for the Orb.
     0 | D:1      | Reached XP level 1. HP: 18/18 MP: 0/0
    61 | D:1      | Reached skill level 4 in Staves
   104 | D:1      | Reached XP level 2. HP: 25/25 MP: 1/1
   534 | D:1      | Reached XP level 3. HP: 28/31 MP: 2/2
   940 | D:2      | Found a burning altar of Makhleb.
   940 | D:2      | Noticed a green death
  1028 | D:2      | Reached skill level 5 in Staves
  1037 | D:2      | Noticed Robin
  1060 | D:2      | Killed Robin
  1060 | D:2      | Reached XP level 4. HP: 29/38 MP: 3/3
  1141 | D:2      | Noticed an orange demon
  1141 | D:2      | Noticed a hellwing
  1281 | D:2      | Became a worshipper of Makhleb the Destroyer
  1854 | D:2      | Found a runed door.
  2049 | D:2      | Noticed Crazy Yiuf
  2059 | D:2      | Killed Crazy Yiuf
  2464 | D:3      | Reached skill level 6 in Staves
  2467 | D:3      | Reached XP level 5. HP: 43/46 MP: 4/4
  2491 | D:3      | Reached * piety under Makhleb
  3228 | D:4      | Noticed an ogre
  3233 | D:4      | Killed an ogre
  3233 | D:4      | Reached skill level 7 in Staves
  3233 | D:4      | Reached XP level 6. HP: 44/55 MP: 5/5
  3292 | D:4      | Reached skill level 5 in Fighting
  3454 | D:4      | Found an ancient bone altar of Kikubaaqudgha.
  3458 | D:4      | Noticed agthala's ghost (weakling DgTm)
  3463 | D:4      | Killed agthala's ghost
  3617 | D:4      | Found a sacrificial altar of Ru.
  3658 | D:4      | Reached skill level 1 in Armour
  3662 | D:4      | Reached ** piety under Makhleb
  3696 | D:4      | Found a deep blue altar of Sif Muna.
  3817 | D:5      | Entered Level 5 of the Dungeon
  3821 | D:5      | Reached skill level 8 in Staves
  3821 | D:5      | Reached XP level 7. HP: 57/61 MP: 6/6
  4268 | D:5      | Found a white marble altar of Elyvilon.
  4446 | D:6      | Reached skill level 9 in Staves
  4461 | D:6      | Reached XP level 8. HP: 70/70 MP: 0/7
  4671 | D:6      | Reached *** piety under Makhleb
  4671 | D:6      | Reached skill level 5 in Dodging
  5045 | D:7      | Found a staircase to the Ecumenical Temple.
  5049 | Temple   | Entered the Ecumenical Temple
  5204 | D:7      | Reached skill level 10 in Staves
  5565 | D:7      | Found a burning altar of Makhleb.
  5565 | D:7      | Found a basalt altar of Yredelemnul.
  5566 | D:7      | Found a stormy altar of Qazlal.
  5576 | D:7      | Found a shattered altar of Ashenzari.
  5644 | D:7      | Reached XP level 9. HP: 71/79 MP: 8/8
  5961 | D:8      | Reached skill level 5 in Armour
  6012 | D:8      | Found a shimmering altar of Xom.
  6051 | D:8      | Noticed Prince Ribbit
  6059 | D:8      | Reached skill level 11 in Staves
  6077 | D:8      | Gained mutation: You have large cloven feet. [potion of beneficial mutation]
  6077 | D:8      | Reached **** piety under Makhleb
  6078 | D:8      | Lost mutation: You have large cloven feet. [potion of cure mutation]
  6087 | D:8      | HP: 1/81 [orc warrior/scimitar (12)]
  6089 | D:8      | Slain by an orc warrior

Skill      XL: |  1  2  3  4  5  6  7  8  9 |
---------------+----------------------------+-----
Staves         | 4 5 6 7 8 9 10 11 | 11.0
Fighting       | 3 4 5 6 7 |  7.8
Armour         | 1 3 4 5 |  5.5
Dodging        | 4 5 6 |  6.1
Throwing       | |  2.0

Action                   |  1- 3 |  4- 6 |  7- 9 || total
-------------------------+-------+-------+-------++-------
Melee: Quarterstaff      |    72 |   140 |   220 ||   432
       Headbutt          |     7 |    29 |    38 ||    74
  Use: Scroll            |       |     4 |     1 ||     5
       Potion            |       |     1 |     5 ||     6
 Stab: Sleeping          |     1 |       |       ||     1
  Eat: Chunk             |       |     9 |    10 ||    19
Armor: Leather armour    |     8 |       |       ||     8
       Scale mail        |    13 |    60 |     2 ||    75
       Chain mail        |       |       |   111 ||   111
Dodge: Dodged            |    39 |    70 |   120 ||   229
